 Dungeon Crawl Stone Soup version 0.29.1-15-g9cfb28693d (webtiles) character file.

Game seed: 8672105730047283419

68 safid the Chiller (level 4, 0/33 HPs)
             Began as a Merfolk Ice Elementalist on Apr 14, 2023.
             Killed from afar by Sigmund (5 damage)
             ... with a magic dart
             ... on level 2 of the Dungeon.
             The game lasted 00:02:59 (2208 turns).

safid the Chiller (Merfolk Ice Elementalist)        Turns: 2208, Time: 00:03:00

Health: 0/33       AC:  2    Str:  8    XL:     4   Next: 19%
Magic:  8/8        EV: 12    Int: 16    God:
Gold:   87         SH:  0    Dex: 14    Spells: 1/8 levels left

rFire   . . .      SeeInvis .   k - +0 short sword (speed)
rCold   . . .      Faith    .   (no shield)
rNeg    . . .      Spirit   .   a - +0 robe
rPois   .          Reflect  .   (no helmet)
rElec   .          Harm     .   (no cloak)
rCorr   .          Rampage  .   (no gloves)
Will    .....                   (no boots)
Stlth   ++........              (no amulet)
HPRegen 0.11/turn               (no ring)
MPRegen 0.11/turn               (no ring)

@: no status effects
A: (nimble swimmer 2), mertail
a: no special abilities


You were on level 2 of the Dungeon.
You visited 1 branch of the dungeon, and saw 2 of its levels.

You collected 87 gold pieces.

Inventory:

Hand Weapons
 k - a +0 short sword of speed (weapon)
Armour
 a - a +0 robe (worn)
Scrolls
 c - a scroll of fear {unknown}
 d - a scroll of acquirement {unknown}
 g - 3 scrolls of identify {unknown}
 j - a scroll of teleportation {unknown}
Potions
 b - a potion of magic
 e - a potion of curing {unknown}


   Skills:
 + Level 2.1 Fighting
 - Level 2.6 Dodging
 - Level 2.1 Stealth
 + Level 2.8 Spellcasting
 + Level 5.0 Ice Magic


You had one spell level left.
You knew the following spells:

 Your Spells              Type           Power      Damage    Failure   Level
a - Freeze                Ice            72%        1d9       2%          1
b - Frozen Ramparts       Ice            36%        1d6       7%          3
c - Ozocubu's Armour      Ice            18%        N/A       7%          3

Your spell library contained the following spells:

 Spells                   Type           Power      Damage    Failure   Level
 Hailstorm                Conj/Ice       10%        3d5       56%         4


Dungeon Overview and Level Annotations

Branches:
Dungeon (2/15)

Altars:

Shops:
D:2 ((

Annotations:
D:2 Sigmund


Innate Abilities, Weirdness & Mutations

((You are very nimble when in or above water. (Stealth+, EV+, Speed+++)))
Your lower body shifts to a powerful aquatic tail in water.


Message History

Sigmund points at you and mumbles some strange words.
You are confused.
Sigmund gestures at you while chanting. The puff of flame hits you.
You bump into the rock wall.
You bump into the rock wall.
You feel less confused.
Sigmund points at you and mumbles some strange words.
The magic dart hits you!
Sigmund says, "Look into my eyes."
There is a stone staircase leading up here.
Sigmund gestures wildly while chanting.
Sigmund flickers and vanishes!
Deactivating autopickup; reactivate with Ctrl-A.
There is a stone staircase leading up here.
Casting: Freeze (safe; 2% risk of failure)
Confirm with . or Enter, or press ? or * to list all spells.
You can't see any susceptible monsters within range! (Use Z to cast anyway.)
You hear some strange, mumbled words.
You are confused.
Something barely misses you.
You are more confused.
You are more confused.
Something tries to affect you, but you resist.
You're too confused to move!
You hear some strange, mumbled words.
Something tries to affect you, but you resist.
You're too confused to move!
Something hits you! Something hits you!
* * * LOW HITPOINT WARNING * * *
Unknown command.
You feel less confused.
You hear some strange, mumbled words.
Something tries to affect you, but you resist.
Something tries to affect you, but you resist.
There is a stone staircase leading up here.
A magic dart appears from out of thin air!
The magic dart hits you.
You die...

# ###### # #....# #### # #....#
##..## #####....##########..[.#
<...................##.# #####
#####....#........>.##.# ##...##
†...........{...@)).÷..####.....#
#####....#############.........†.
# ####..# ##.##.).∩...
#########.# #.#....÷...
.##.......# #.#.#.....#
.#........## #)..##...##
...........## #####..#..###
.........^..########.........#
........S...##..w...........##


There were no monsters in sight!

Vanquished Creatures
  3 adders (D:2)
  A dart slug (D:1)
  4 orcs (D:2)
  5 endoplasms
  4 giant cockroaches
  2 goblins (D:1)
  2 hobgoblins
  4 ball pythons
  A bat (D:1)
  A frilled lizard (D:2)
  5 kobolds
  2 rats
34 creatures vanquished.

Notes
Turn   | Place    | Note
-------+----------+-------------------------------------------
     0 | D:1      | safid the Merfolk Ice Elementalist began the quest for the
                  | Orb.
     0 | D:1      | Reached XP level 1. HP: 13/13 MP: 3/3
   381 | D:1      | Reached XP level 2. HP: 19/20 MP: 1/5
   390 | D:1      | Reached skill level 1 in Fighting
  1447 | D:2      | Found Vuenad's Weapon Emporium.
  1454 | D:2      | Reached XP level 3. HP: 26/26 MP: 3/6
  1833 | D:2      | Found Poamizxe's Weapon Boutique.
  1839 | D:2      | Noticed Sigmund
  1963 | D:1      | Learned a level 3 spell: Frozen Ramparts
  1967 | D:1      | Learned a level 3 spell: Ozocubu's Armour
  1984 | D:2      | Reached skill level 5 in Ice Magic
  1984 | D:2      | Reached XP level 4. HP: 31/33 MP: 6/8
  2208 | D:2      | Killed from afar by Sigmund

Illustrated notes

Levels and vault maps discovered:
D:1:      dpeg_arrival_arbitrary_a, layout_rooms, kennysheep_minor_cross,
          minmay_misc_feat_hallway
D:2:      layout_rooms, serial_shops, nicolae_shop_bloodbath_and_beyond, shop,
          shop, uniq_crazy_yiuf_cottage, uniq_sigmund

Skill      XL: |  1  2  3 |
---------------+----------+-----
Fighting       | 1 2 |  2.1
Ice Magic      | 5 |  5.0
Dodging        | |  2.6
Stealth        | |  2.1
Spellcasting   | |  2.8

Action                   |  1- 3 |  4- 6 || total
-------------------------+-------+-------++-------
Melee: Unarmed           |     3 |       ||     3
       Short sword       |    39 |    10 ||    49
 Cast: Freeze            |    37 |     4 ||    41
       Frozen Ramparts   |       |     1 ||     1
  Use: Potion            |     2 |       ||     2
 Stab: Sleeping          |     4 |       ||     4
Armor: Robe              |    12 |     2 ||    14
Dodge: Dodged            |    50 |     8 ||    58
